 Dungeon Sprint DCSS version 0.21-a0-241-g2cbab09 (webtiles) character file.

300741 terra52 the Warrior (level 14, 78/133 HPs)
             Began as a Demonspawn Berserker on Sept 3, 2017.
             Was an Elder of Trog.
             Escaped with the Orb!
             The game lasted 00:36:25 (4780 turns).

terra52 the Warrior (Demonspawn Berserker)          Turns: 4780, Time: 00:36:25

Health: 78/133     AC: 32    Str: 28    XL:     14   Next: 6%
Magic:  31/31      EV: 16    Int: 17    God:    Trog [****..]
Gold:   3615       SH:  7    Dex: 23    Spells: 13/13 levels left

rFire    + . .     SeeInvis +   H - +10 scimitar "Qerghef" {speed, Int+2 Dex+2}
rCold    + + .     Gourm    .   t - +0 buckler of the Manifold Planets {+Blink rC++ rN+}
rNeg     + . .     Faith    .   y - +3 plate armour of Meklal {rCorr Str+7 Slay+2}
rPois    +         Spirit   .   (no helmet)
rElec    +         Reflect  .   M - +4 dragonskin cloak
rCorr    +         Harm     .   B - +1 pair of gloves {Str+3}
MR       +....     NoTele   +   (no boots)
Stlth    ..........             (no amulet)
HPRegen  0.32/turn              O - +6 ring of intelligence
MPRegen  0.22/turn              Q - ring of Mutualism {+Inv rPois MP+9 Dex+4 SInv}

@: berserk cooldown, slowed, very slow
A: hooves 2, molten scales 3, demonic guardian 1, rot immunity
0: Orb of Zot
a: Berserk, Trog's Hand, Brothers in Arms, Burn Spellbooks, Renounce Religion,
Evoke Blink, Evoke Invisibility


You escaped.
You worshipped Trog.
Trog was greatly pleased with you.
You were near starving.

You visited 1 branch You collected 5383 gold pieces.
You spent 1768 gold pieces at shops.

Inventory:

Hand Weapons
 a - a +0 falchion
 c - a +2 double sword of electrocution
 n - a +0 blowgun
 p - a +2 demon blade of slicing
 s - a +2 antimagic great sword
 v - a +5 antimagic scimitar
 A - a +2 quarterstaff of distortion
 C - a +4 triple sword of draining
 G - a +3 antimagic great sword
 H - the +10 scimitar "Qerghef" (weapon) {speed, Int+2 Dex+2}
   (Trog gifted it to you in the Dungeon)

   Attacks with this weapon are significantly faster.
   It affects your intelligence (+2).
   It affects your dexterity (+2).
Missiles
 o - 14 curare-tipped needles
 q - 6 needles of sleeping
 E - 5 tomahawks of returning
 P - 6 poisoned javelins (quivered)
Armour
 b - a +0 animal skin
 t - the +0 buckler of the Manifold Planets (worn) {+Blink rC++ rN+}
   (You bought it in a shop in the Dungeon)

   It greatly protects you from cold.
   It protects you from negative energy.
   It lets you blink.
 u - a +2 ring mail of positive energy
 y - the +3 plate armour of Meklal (worn) {rCorr Str+7 Slay+2}
   (You found it in the Dungeon)

   It affects your strength (+7).
   It affects your accuracy and damage with ranged weapons and melee attacks
   (+2).
   It protects you from acid and corrosion.
 B - a +1 pair of gloves of strength (worn)
 D - a scarf of spirit shield
 I - +0 shadow dragon scales
 M - the +4 dragonskin cloak (worn)
   (You took it off Tiamat in the Dungeon)
Jewellery
 O - a +6 ring of intelligence (left hand)
 Q - the ring of Mutualism (right hand) {+Inv rPois MP+9 Dex+4 SInv}
   (You found it in the Dungeon)

   [ring of see invisible]

   It affects your dexterity (+4).
   It protects you from poison.
   It affects your magic capacity (+9).
   It lets you see invisible.
   It lets you turn invisible.
Wands
 k - a wand of digging (4/24)
 L - a wand of acid (4/15)
Scrolls
 l - 2 scrolls of fog {unknown}
 m - 2 scrolls of identify
 r - a scroll of recharging {unknown}
 x - a scroll of enchant weapon {unknown}
 J - a scroll of remove curse {unknown}
 K - a scroll of acquirement {unknown}
Potions
 d - 4 potions of curing
 f - a potion of haste
 g - 2 potions of magic
 h - 2 potions of berserk rage
 j - a potion of degeneration
 N - a potion of cancellation
Books
 w - Lee's Tome of Attacks and Clay
   (You found it in the Dungeon)

   Spells                             Type                      Level
   a - Sting                          Conjuration/Poison           1
   b - Magic Dart                     Conjuration                  1
   c - Throw Flame                    Conjuration/Fire             2
   d - Iskenderun's Mystic Blast      Conjuration                  4
   e - Throw Icicle                   Conjuration/Ice              4
   f - Fulminant Prism                Conjuration/Hexes            4
   g - Petrify                        Transmutation/Earth          4
   Trog disapproves of the use of such an item.
 F - a book of Callings

   Spells                             Type                      Level
   a - Summon Small Mammal            Summoning                    1
   b - Call Imp                       Summoning                    2
   c - Call Canine Familiar           Summoning                    3
   d - Summon Guardian Golem          Hexes/Summoning              3
   e - Summon Lightning Spire         Summoning/Air                4
   f - Summon Ice Beast               Ice/Summoning                4
   Trog disapproves of the use of such an item.
Miscellaneous
 z - a lightning rod (4/4)
 R - a lamp of fire


   Skills:
 + Level 19.0 Fighting
 + Level 18.0 Long Blades
 + Level 6.1 Throwing
 + Level 16.1 Armour
 + Level 10.5 Dodging
 + Level 10.4 Stealth
 + Level 6.9 Shields
 + Level 11.3 Evocations


You had 13 spell levels left.
You didn't know any spells.

Dungeon Overview and Level Annotations

Branches:
Dungeon (1/1)

Altars:
Cheibriados
Dithmenos
Elyvilon
Fedhas
Gozag
Hepliaklqana
Kikubaaqudgha
Makhleb
Nemelex Xobeh
Okawaru
Qazlal
Ru
Sif Muna
Trog
Uskayaw
Vehumet
Wu Jian
Xom
Yredelemnul
Zin
The Shining One
Jiyva
Lugonu

Shops:
D [*[(*[[!=[}%?%![?}

Annotations:
D exclusion: oklob plant


Innate Abilities, Weirdness & Mutations

You have hoof-like feet.
You are completely covered in molten scales. (AC +4, rF+)
A weak demonic guardian rushes to your aid.
You are immune to rotting.


Message History

Trog accepts your kill.
You slash the soul eater!
You kick the soul eater, but do no damage.
The soul eater is lightly wounded.
You slice the soul eater!!
You kick the soul eater, but do no damage.
The soul eater is severely wounded.
You slice the soul eater!!
You feel the power of Trog in you as your rage grows.
You kill the soul eater!
There is an open door, spattered with blood here.
Things that are here:
a dagger; a leather armour You feel a strong urge to attack something.
You are no longer berserk.
You are exhausted.
You feel yourself slow down.
There is a staircase leading out of the dungeon here.
Magic restored.
You have escaped!

##################
#@5#..)..#.)'..#__
#..5..#..'..#..'^.
#..#####'#####)#__
#..####..#...#.###
#..#__####..##(#≈≈
#..#_____##'#_.§(≈
#⌠⌠#_.∩...)..._#≈≈
####_..__##_.#'##'
#_____###'..#§.


You could see a friendly iron imp and a friendly white imp.

Vanquished Creatures
  Lom Lobon (D)
  Tiamat (D)
  A pandemonium lord (D)
  the Lernaean hydra (D)
  A deep elf master archer (D)
  An Executioner (D)
  A daeva (D)
  3 fire giants (D)
  A deep elf annihilator (D)
  A lorocyproca (D)
  A mummy priest (D)
  2 centaur warriors (D)
  Sonja (D)
  A soul eater (D)
  A sixfirhy (D)
  A deep troll (D)
  7 unseen horrors (D)
  A lindwurm (D)
  An oklob plant (D)
  A merfolk siren (D)
  A gargoyle (D)
  2 kobold demonologists (D)
  3 demonic crawlers (D)
  A meliai (D)
  A slime creature (D)
  5 hornets (D)
  Sigmund (D)
  2 redbacks (D)
  A yak (D)
  A ynoxinul (D)
  13 hogs (D)
  2 floating eyes (D)
  6 necrophages (D)
  An ogre (D)
  8 jellies (D)
  Ijyb (D)
  4 ballistomycetes (D)
82 creatures vanquished.

Vanquished Creatures (collateral kills)
  A golden dragon (D)
  A shadow dragon (D)
  A fire giant (D)
  A hydra (D)
  A demonic crawler (D)
  A hellwing (D)
  A floating eye (D)
  A necrophage (D)
8 creatures vanquished.

Vanquished Creatures (others)
  A merfolk siren (D)
  A gargoyle (D)
  5 ball lightnings (D)
  2 ballistomycete spores (D)
  A block of ice (D)
10 creatures vanquished.

Grand Total: 100 creatures vanquished

Notes
Turn   | Place    | Note
-------+----------+-------------------------------------------
     0 | D        | terra52 the Demonspawn Berserker began the quest for the Orb.
     0 | D        | Reached XP level 1. HP: 18/18 MP: 1/1
     1 | D        | Noticed Ijyb
    14 | D        | Killed Ijyb
    14 | D        | Reached skill level 4 in Fighting
    14 | D        | Gained mutation: You have large cloven feet. [demonic ancestry]
    14 | D        | Reached XP level 2. HP: 23/26 MP: 2/2
    65 | D        | Noticed an ogre
    67 | D        | Killed an ogre
    67 | D        | Reached skill level 6 in Fighting
    67 | D        | Gained mutation: You are immune to rotting. [demonic ancestry]
    67 | D        | Reached XP level 3. HP: 35/35 MP: 3/3
    67 | D        | Gained mutation: A weak demonic guardian rushes to your aid. [demonic ancestry]
    67 | D        | Reached XP level 4. HP: 41/41 MP: 4/4
   114 | D        | Noticed Sigmund
   124 | D        | Killed Sigmund
   124 | D        | Reached ** piety under Trog
   124 | D        | Reached skill level 8 in Fighting
   124 | D        | Gained mutation: You are partially covered in molten scales. (AC +2) [demonic ancestry]
   124 | D        | Reached XP level 5. HP: 49/49 MP: 5/5
   172 | D        | Found an ornate altar of the Wu Jian Council.
   172 | D        | Found a deep blue altar of Sif Muna.
   174 | D        | Found a radiant altar of Vehumet.
   178 | D        | Gained mutation: You are mostly covered in molten scales. (AC +3) [demonic ancestry]
   178 | D        | Reached XP level 6. HP: 56/57 MP: 6/6
   189 | D        | Found Acoc's General Store.
   189 | D        | Found an ancient bone altar of Kikubaaqudgha.
   189 | D        | Found a hazy altar of Hepliaklqana.
   189 | D        | Found a stormy altar of Qazlal.
   189 | D        | Found a hide-covered altar of Uskayaw.
   189 | D        | Found a blossoming altar of Fedhas.
   189 | D        | Found a bloodstained altar of Trog.
   189 | D        | Found an iron altar of Okawaru.
   189 | D        | Found a basalt altar of Yredelemnul.
   189 | D        | Found a glowing golden altar of the Shining One.
   189 | D        | Found a snail-covered altar of Cheibriados.
   189 | D        | Found a sacrificial altar of Ru.
   189 | D        | Found a glowing silver altar of Zin.
   189 | D        | Found a shadowy altar of Dithmenos.
   189 | D        | Found a white marble altar of Elyvilon.
   189 | D        | Noticed a yak
   196 | D        | Killed a yak
   196 | D        | Reached skill level 9 in Fighting
   197 | D        | Found an opulent altar of Gozag.
   201 | D        | Found a sparkling altar of Nemelex Xobeh.
   256 | D        | Found a burning altar of Makhleb.
   256 | D        | Found a viscous altar of Jiyva.
   256 | D        | Found a shimmering altar of Xom.
   256 | D        | Found a corrupted altar of Lugonu.
   256 | D        | Noticed a slime creature
   266 | D        | Killed a slime creature
   266 | D        | Reached *** piety under Trog
   266 | D        | Reached skill level 5 in Dodging
   266 | D        | Gained mutation: You have hoof-like feet. [demonic ancestry]
   266 | D        | Reached XP level 7. HP: 65/65 MP: 7/7
   281 | D        | Killed a gargoyle
   312 | D        | Noticed a kobold demonologist
   319 | D        | Noticed a demonic crawler
   321 | D        | Noticed a chaos spawn
   322 | D        | Killed a kobold demonologist
   322 | D        | Reached skill level 10 in Fighting
   322 | D        | Reached skill level 10 in Long Blades
   322 | D        | Reached skill level 5 in Armour
   322 | D        | Reached skill level 1 in Stealth
   324 | D        | Noticed a rust devil
   334 | D        | Killed a demonic crawler
   334 | D        | Reached **** piety under Trog
   334 | D        | Reached skill level 11 in Fighting
   334 | D        | Reached XP level 8. HP: 75/75 MP: 8/8
   339 | D        | Noticed a demonic crawler
   346 | D        | HP: 2/75 [demonic crawler (6)]
   347 | D        | Noticed a kobold demonologist
   347 | D        | Killed a demonic crawler
   366 | D        | Killed a kobold demonologist
   565 | D        | Noticed Sonja
   587 | D        | Killed Sonja
   587 | D        | Reached skill level 12 in Fighting
   587 | D        | Reached XP level 9. HP: 27/82 MP: 9/9
   631 | D        | Bought a +2 demon blade of venom for 420 gold pieces
   645 | D        | Found Zebb's Antique Armour Boutique.
   884 | D        | Noticed a deep troll
   894 | D        | Killed a deep troll
   903 | D        | Found Ysaileak's Armour Emporium.
   945 | D        | Noticed a centaur warrior
   951 | D        | Noticed a centaur warrior
   956 | D        | Killed a centaur warrior
   956 | D        | Reached skill level 13 in Fighting
   966 | D        | Killed a centaur warrior
   966 | D        | Reached XP level 10. HP: 72/92 MP: 10/10
  1007 | D        | Reached skill level 1 in Throwing
  1021 | D        | Noticed an oklob plant
  1030 | D        | Killed an oklob plant
  1030 | D        | Reached ***** piety under Trog
  1030 | D        | Reached skill level 5 in Stealth
  1058 | D        | Bought a shiny ring mail for 182 gold pieces
  1248 | D        | Killed an unseen horror
  1253 | D        | Killed an unseen horror
  1253 | D        | Reached skill level 14 in Fighting
  1253 | D        | Reached skill level 15 in Long Blades
  1437 | D        | Received a gift from Trog
  1738 | D        | Reached ****** piety under Trog
  1752 | D        | Received a gift from Trog
  1792 | D        | Identified the +3 plate armour of Meklal {rCorr Str+7 Slay+2} (You found it in the Dungeon)
  1810 | D        | Found Jirphoz's Weapon Shoppe.
  1810 | D        | Found Hievuod's Armour Shop.
  1810 | D        | Found Ziyhixto's General Store.
  1812 | D        | Found Ynayvyat's Antique Armour Emporium.
  1812 | D        | Found Laobb's Armour Shop.
  1812 | D        | Found Qumunax's Distillery.
  1812 | D        | Found Emocoiq's Jewellery Boutique.
  1812 | D        | Found Nunaen's Armour Emporium.
  1812 | D        | Found Onkucour's Gadget Shop.
  1812 | D        | Found Nyh Hov's Food Shoppe.
  1816 | D        | Found Buba's Magic Scroll Boutique.
  1817 | D        | Found Emuvedua's Distillery.
  1817 | D        | Found Xiockiuph's Food Boutique.
  1818 | D        | Found Ehitt's Magic Scroll Emporium.
  1842 | D        | Bought an ichor-stained buckler for 237 gold pieces
  1842 | D        | Identified the +0 buckler of the Manifold Planets {+Blink rC++ rN+} (You bought it in a shop in the Dungeon)
  2005 | D        | Noticed a lindwurm
  2012 | D        | Killed a lindwurm
  2144 | D        | Gained mutation: You are completely covered in molten scales. (AC +4, rF+) [demonic ancestry]
  2144 | D        | Reached XP level 11. HP: 98/101 MP: 11/11
  2170 | D        | Received a gift from Trog
  2170 | D        | Reached skill level 15 in Fighting
  2244 | D        | Bought a +1 pair of gloves of strength for 181 gold pieces
  2311 | D        | Received a gift from Trog
  2351 | D        | Noticed a daeva
  2437 | D        | Noticed a 12-headed hydra
  2439 | D        | Killed a 13-headed hydra
  2440 | D        | Received a gift from Trog
  2536 | D        | Noticed a deep elf annihilator
  2536 | D        | Received a gift from Trog
  2536 | D        | Reached skill level 1 in Shields
  2591 | D        | Bought a runed scarf for 208 gold pieces
  2641 | D        | Bought a scroll of brand weapon for 280 gold pieces
  2712 | D        | Reached skill level 1 in Evocations
  2719 | D        | Killed a lorocyproca
  2894 | D        | Killed a daeva
  2894 | D        | Reached skill level 16 in Fighting
  2894 | D        | Reached skill level 10 in Dodging
  3149 | D        | Killed an unseen horror
  3149 | D        | Received a gift from Trog
  3150 | D        | Killed an unseen horror
  3155 | D        | Killed an unseen horror
  3157 | D        | Killed an unseen horror
  3157 | D        | Reached skill level 10 in Armour
  3162 | D        | Got a scorched scimitar {god gift}
  3165 | D        | Killed an unseen horror
  3165 | D        | Reached XP level 12. HP: 74/113 MP: 7/13
  3166 | D        | Identified the +10 scimitar "Qerghef" {speed, Int+2 Dex+2} (Trog gifted it to you in the Dungeon)
  3314 | D        | Noticed a shadow dragon
  3314 | D        | Noticed a golden dragon
  3322 | D        | Killed a shadow dragon
  3325 | D        | Killed a golden dragon
  3325 | D        | Reached skill level 17 in Fighting
  3392 | D        | Found Tysyrach's Gadget Shoppe.
  3406 | D        | Bought a wand of acid (9/15) for 260 gold pieces
  3544 | D        | Noticed a fire giant
  3546 | D        | Noticed a fire giant
  3547 | D        | Noticed a fire giant
  3551 | D        | Killed a fire giant
  3556 | D        | Killed a fire giant
  3557 | D        | Noticed a fire giant
  3563 | D        | Killed a fire giant
  3563 | D        | Received a gift from Trog
  3563 | D        | Reached skill level 5 in Throwing
  3575 | D        | Killed a fire giant
  3598 | D        | Noticed Tiamat
  3787 | D        | HP: 7/171 [Tiamat/antimagic demon trident (11)]
  3790 | D        | Killed Tiamat
  3790 | D        | Reached skill level 18 in Fighting
  4123 | D        | Noticed a mummy priest
  4127 | D        | Killed a deep elf annihilator
  4127 | D        | Reached skill level 5 in Shields
  4127 | D        | Reached XP level 13. HP: 112/122 MP: 16/16
  4148 | D        | Killed a mummy priest
  4326 | D        | Noticed the 27-headed Lernaean hydra
  4336 | D        | Killed the 26-headed Lernaean hydra
  4352 | D        | Noticed a deep elf master archer
  4404 | D        | Identified Lee's Tome of Attacks and Clay
  4486 | D        | Killed a deep elf master archer
  4486 | D        | Received a gift from Trog
  4623 | D        | Got a bound bone ring
  4626 | D        | Identified the ring of Mutualism {+Inv rPois MP+9 Dex+4 SInv} (You found it in the Dungeon)
  4638 | D        | Noticed Lom Lobon
  4665 | D        | Killed Lom Lobon
  4665 | D        | Reached skill level 15 in Armour
  4681 | D        | Got the Orb of Zot
  4745 | D        | Noticed Cubin the pandemonium lord
  4745 | D        | Noticed an Executioner
  4759 | D        | Killed Cubin the pandemonium lord
  4759 | D        | Reached skill level 10 in Stealth
  4759 | D        | Reached skill level 10 in Evocations
  4765 | D        | Killed an Executioner
  4765 | D        | Reached skill level 19 in Fighting
  4765 | D        | Reached XP level 14. HP: 113/133 MP: 22/22
  4780 | D        | Escaped with the Orb!

Vault maps used:
D:        dungeon_sprint_1

Skill      XL: |  1  2  3  4  5  6  7  8  9 10 11 12 13 |
---------------+----------------------------------------+-----
Fighting       | 4 6 8 9 11 12 13 14 16 18 19 | 19.0
Long Blades    | 4 6 7 8 9 11 12 14 15 16 17 18 | 18.0
Armour         | 2 3 4 5 6 10 13 16 | 16.1
Dodging        | 2 3 4 5 6 8 9 10 | 10.5
Stealth        | 1 3 4 6 7 10 | 10.4
Throwing       | 3 4 5 6 |  6.1
Shields        | 2 5 6 |  6.9
Evocations     | 2 4 11 | 11.3

Action                   |  1- 3 |  4- 6 |  7- 9 | 10-12 | 13-15 || total
-------------------------+-------+-------+-------+-------+-------++-------
Melee: Falchion          |    13 |    21 |    43 |       |       ||    77
       Kick              |     1 |     7 |    24 |   106 |    22 ||   160
       Demon blade       |       |       |     9 |   174 |       ||   183
       Scimitar          |       |       |       |    42 |    57 ||    99
 Fire: Blowgun           |       |       |     1 |     3 |       ||     4
Throw: Tomahawk          |       |       |       |     4 |       ||     4
Invok: Berserk           |     2 |     3 |     4 |     5 |     3 ||    17
       Trog's Hand       |       |       |     2 |       |     1 ||     3
       Brothers in Arms  |       |       |     1 |    10 |     1 ||    12
 Abil: Evoke Blink       |       |       |       |     1 |    11 ||    12
Evoke: Wand              |       |       |       |     4 |     5 ||     9
       Phantom mirror    |       |       |       |       |     1 ||     1
  Use: Scroll            |       |       |       |     4 |     2 ||     6
       Potion            |       |       |       |       |     5 ||     5
 Stab: Sleeping          |       |     1 |     1 |     1 |       ||     3
       Distracted        |       |     1 |       |     3 |     1 ||     5
  Eat: Chunk             |       |     2 |     3 |     6 |     1 ||    12
       Bread ration      |       |       |     1 |       |     1 ||     2
       Royal jelly       |       |       |       |     1 |       ||     1
       Meat ration       |       |       |       |     2 |       ||     2
Armor: Animal skin       |     1 |       |    15 |       |       ||    16
       Ring mail         |       |       |       |    15 |       ||    15
       Plate armour      |       |       |       |    74 |    36 ||   110
Dodge: Dodged            |     4 |     8 |    52 |    78 |    16 ||   158
Block: Buckler           |       |       |       |    21 |    16 ||    37
       Rpst.: Falchion   |     2 |       |     4 |       |       ||     6
       Demon blade       |       |       |     1 |    13 |       ||    14
       Scimitar          |       |       |       |       |     2 ||     2

Table legend:
 A = Spawn XP
 B = Non-spawn XP
 C = Spawn XP percentage of total XP
 D = Spawn monster count
 E = Non-spawn monster count
 F = Spawn count percentage of total count
 G = Total turns spent on level
                    A         B        C        D         E        F      G
               +---------+---------+-------+---------+---------+-------+---------
         Total |       0 |   56998 |   0.0 |       0 |      81 |   0.0 |  4780
               +---------+---------+-------+---------+---------+-------+---------
             D |       0 |   56998 |   0.0 |       0 |      81 |   0.0 |  4780
               +---------+---------+-------+---------+---------+-------+---------
